 Dungeon Crawl Stone Soup version 0.23.2 (webtiles) character file.

Game seed: 1732945512666338535

465 teukkam the Covered (level 6, -14/56 HPs)
             Began as a Minotaur Fighter on Apr 4, 2019.
             Was a Follower of Qazlal.
             Demolished by an ogre
             ... wielding a +0 giant club
              (17 damage)
             ... on level 6 of the Dungeon.
             The game lasted 00:07:06 (1677 turns).

teukkam the Covered (Minotaur Fighter)              Turns: 1677, Time: 00:07:07

Health: -14/56     AC:  8    Str: 20 (22) XL:     6   Next: 80%
Magic:  0/5        EV:  7    Int:  2 (5)  God:    Qazlal [*.....]
Gold:   156        SH: 11    Dex:  8 (10) Spells: 5/5 levels left

rFire    + . .     SeeInvis .   a - +0 war axe
rCold    + . .     Gourm    .   c - +0 shield
rNeg     . . .     Faith    .   e - +0 scale mail
rPois    +         Spirit   +   (helmet restricted)
rElec    +         Reflect  .   m - scarf {Spirit}
rCorr    +         Harm     .   (no gloves)
MR       .....                  s - +0 pair of boots
Stlth    ..........             v - amulet of rage
HPRegen  0.18/turn              (no ring)
MPRegen  0.09/turn              (no ring)

@: resistant, berserk cooldown, hasted and slowed
A: retaliatory headbutt, horns 2
a: Renounce Religion, Evoke Berserk Rage


You were on level 6 of the Dungeon.
You worshipped Qazlal.
Qazlal was aware of your devotion.
You were hungry.

You visited 1 branch of the dungeon, and saw 6 of its levels.

You collected 156 gold pieces.

Inventory:

Hand Weapons
 a - a +0 war axe (weapon)
 b - a +0 hunting sling
Missiles
 h - 115 stones (quivered)
 k - 41 sling bullets
 l - 5 javelins
 n - 6 tomahawks
 r - 12 poisoned needles
Armour
 c - a +0 shield (worn)
 e - a +0 scale mail (worn)
 m - a scarf of spirit shield (worn)
 s - a +0 pair of boots (worn)
Jewellery
 v - an amulet of rage (around neck)
Scrolls
 p - 2 scrolls of magic mapping {unknown}
Potions
 d - 3 potions of might
 j - a potion of heal wounds {unknown}
 q - a potion of haste
 t - a potion of mutation {unknown}
 u - a potion of resistance
Comestibles
 f - 5 rations
 i - 3 chunks of flesh


   Skills:
 + Level 5.2 Fighting
 + Level 4.4 Axes
 + Level 3.0 Slings
 + Level 5.3 Armour
 + Level 5.2 Shields
 + Level 0.7 Evocations


You had 5 spell levels left.
You didn't know any spells.
Your spell library was empty.

Dungeon Overview and Level Annotations

Branches:
Dungeon (6/15)
 Temple: D:4-7

Altars:
Qazlal
The Shining One


Innate Abilities, Weirdness & Mutations

You reflexively headbutt those who attack you in melee.
You have a pair of horns on your head.


Message History

It was a potion of degeneration.
There was something very wrong with that liquid.
You feel weakened.
You feel dopey.
You feel clumsy. You block the gnoll's attack. x2
It was a potion of haste.
You feel yourself speed up. The ogre hits you with a +0 giant club!
* * * LOW HITPOINT WARNING * * *
The gnoll hits you from afar with a +0 halberd.
* * * LOW HITPOINT WARNING * * *
You block the ogre's attack. You block the gnoll's attack.
It was a potion of resistance.
You feel protected. The gnoll barely misses you.
As you read the scroll labeled RISIMI LOECUAPN, it crumbles to dust.
The creatures around you are filled with an inner flame!
It was a scroll of immolation.
The centaur hits you.
* * * LOW HITPOINT WARNING * * *
The ogre hits you with a +0 giant club!!
You die...

#
##..PP♣#..(.#..#
#
#..♣P♣#....#..#
#
#.PP♣♣#....#..#
#
#...♣P♣#.$.$#..#
#
#..PPPP#....#..#
#
#..%..#...)g..#
.....#.$.)KK.#
.PP♣#OOg.#..#
#@g$?#.g#
#.c..#..#
######''# ...#
...# .K.# ....#


You could see a big kobold (inner flame), 2 ogres, a centaur (inner flame), 3
gnolls and a kobold (inner flame).

Vanquished Creatures
  A centaur (D:6)
  A gnoll shaman (D:6)
  A hound (D:6)
  A bullfrog skeleton (D:4)
  2 orc priests (D:6)
  Jessica (D:2)
  2 worker ants (D:4)
  A hound zombie (D:5)
  6 gnolls (D:6)
  An adder (D:2)
  An adder zombie (D:5)
  2 worms (D:2)
  2 dart slugs (D:1)
  5 leopard geckos
  An orc (D:4)
  5 bats
  2 giant cockroaches
  7 goblins
  12 hobgoblins
  10 kobolds
  A quokka (D:2)
  A ball python (D:2)
  6 frilled lizards (D:1)
  4 rats
76 creatures vanquished.

Notes
Turn   | Place    | Note
-------+----------+-------------------------------------------
     0 | D:1      | teukkam the Minotaur Fighter began the quest for the Orb.
     0 | D:1      | Reached XP level 1. HP: 19/19 MP: 0/0
    32 | D:1      | Reached XP level 2. HP: 23/27 MP: 1/1
   308 | D:1      | Reached XP level 3. HP: 29/33 MP: 2/2
   423 | D:2      | Found a stormy altar of Qazlal.
   442 | D:2      | Became a worshipper of Qazlal Stormbringer
   727 | D:2      | Reached skill level 1 in Slings
   889 | D:2      | Reached XP level 4. HP: 37/40 MP: 3/3
   931 | D:2      | Noticed Jessica
   938 | D:2      | Killed Jessica
  1176 | D:3      | Found a glowing golden altar of the Shining One.
  1253 | D:5      | Entered Level 5 of the Dungeon
  1284 | D:4      | Reached XP level 5. HP: 22/47 MP: 4/4
  1628 | D:6      | Reached * piety under Qazlal
  1632 | D:6      | Reached XP level 6. HP: 48/55 MP: 3/5
  1661 | D:6      | Reached skill level 5 in Armour
  1661 | D:6      | Reached skill level 5 in Fighting
  1661 | D:6      | Reached skill level 5 in Shields
  1677 | D:6      | Demolished by an ogre

Skill      XL: |  1  2  3  4  5  6 |
---------------+-------------------+-----
Fighting       | 4 5 |  5.2
Armour         | 4 5 |  5.3
Shields        | 4 5 |  5.2
Axes           | 3 4 |  4.4
Slings         | 1 2 3 |  3.0
Evocations     | |  0.7

Action                   |  1- 3 |  4- 6 || total
-------------------------+-------+-------++-------
Melee: War axe           |    92 |    70 ||   162
       Headbutt          |    13 |     9 ||    22
 Fire: Hunting sling     |    14 |       ||    14
 Abil: Evoke Berserk Rag |       |     1 ||     1
  Use: Scroll            |       |     3 ||     3
       Potion            |       |     3 ||     3
  Eat: Chunk             |       |     3 ||     3
Armor: Scale mail        |    48 |    24 ||    72
Dodge: Dodged            |    29 |    25 ||    54
Block: Shield            |    51 |    45 ||    96
